 Dungeon Crawl Stone Soup version 0.29.0-4-gdea44cf6ec (webtiles) character file.

Game seed: 15496409567020565904

98892 greasedhog the Blocker (level 16, -15/135 HPs)
             Began as a Gargoyle Fighter on Aug 27, 2022.
             Was an Elder of Qazlal.
             Killed from afar by Nikola (66 damage)
             ... with an arc of chain lightning
             ... on level 1 of the Snake Pit.
             The game lasted 00:48:09 (29133 turns).

greasedhog the Blocker (Gargoyle Fighter)          Turns: 29133, Time: 00:48:11

Health: -15/135    AC: 37    Str: 24 (25) XL:     16   Next: 23%
Magic:  26/26      EV:  9    Int: 10 (12) God:    Qazlal [****..]
Gold:   1070       SH: 17    Dex:  7      Spells: 15/15 levels left

rFire   + . .      SeeInvis .   i - +12 mace "Eleil" {venom, rElec rC+}
rCold   + + .      Faith    .   y - +0 kite shield
rNeg    + + .      Spirit   .   T - +2 chain mail {rN+}
rPois   ∞          Reflect  .   J - +1 helmet
rElec   +          Harm     .   B - +1 cloak
rCorr   +          Rampage  .   G - +0 pair of gloves
Will    +....      Rage     3%  m - +0 pair of boots
Stlth   ..........              x - amulet of the acrobat
HPRegen 0.32/turn               O - ring of protection from fire
MPRegen 0.20/turn               A - ring of the Messenger {rC+ rCorr AC+4 Int+2}

@: berserking (expiring), flying, studying Staves, repel missiles, unable to
read, very quick
A: sickness immunity, AC +12, big wings, negative energy resistance 1,
electricity resistance, torment resistance 1, petrification resistance, berserk
1, clumsy 2, deterioration 1, frail 1, inability to read after injury 1
a: Renounce Religion, Upheaval, Elemental Force


You were on level 1 of the Snake Pit.
You worshipped Qazlal.
Qazlal was greatly pleased with you.
You visited 5 branches of the dungeon, and saw 24 of its levels.
You also visited: Sewer.

You collected 2699 gold pieces.
You spent 1629 gold pieces at shops.

Inventory:

Hand Weapons
 i - the +12 mace "Eleil" (weapon) {venom, rElec rC+}
   (You found it on level 2 of the Dungeon)

   It poisons the flesh of those it strikes.
   rC:        It protects you from cold.
   rElec:     It insulates you from electricity.
 S - a +0 vorpal demon whip
Missiles
 F - 7 curare-tipped darts (quivered)
 Q - 3 throwing nets
Armour
 m - a +0 pair of boots (worn)
 y - a +0 kite shield (worn)
 B - a +1 cloak (worn)
 G - a +0 pair of gloves (worn)
 J - a +1 helmet (worn)
 T - a +2 chain mail of positive energy (worn)
Jewellery
 l - the amulet "Peufuna" {Spirit Dex+6}
   (You took it off a kobold demonologist on level 14 of the Dungeon)

   [amulet of guardian spirit]

   It causes incoming damage to be divided between your reserves of health and
   magic.
   Dex:       It affects your dexterity (+6).
 q - a ring of positive energy
 s - the ring "Vuoleb" {Contam +Blink rCorr EV+4 Str+6}
   (You took it off a kobold demonologist on level 14 of the Dungeon)

   [ring of evasion]

   EV:        It affects your evasion (+4).
   Str:       It affects your strength (+6).
   +Blink:    It lets you blink.
   Contam:    It causes magical contamination when unequipped.
   rCorr:     It protects you from acid and corrosion.
 x - an amulet of the acrobat (around neck)
 A - the ring of the Messenger (right hand) {rC+ rCorr AC+4 Int+2}
   (You bought it in a shop on level 2 of the Orcish Mines)

   [ring of protection]

   AC:        It affects your AC (+4).
   Int:       It affects your intelligence (+2).
   rC:        It protects you from cold.
   rCorr:     It protects you from acid and corrosion.
 K - a +4 ring of evasion
 O - a ring of protection from fire (left hand)
 P - a ring of resist corrosion
Wands
 o - a wand of charming (5)
 r - a wand of mindburst (14)
 I - a wand of roots (6)
 M - a wand of flame (41)
Scrolls
 b - 11 scrolls of identify
 c - 5 scrolls of summoning
 f - 2 scrolls of fog
 p - 3 scrolls of amnesia
 v - 4 scrolls of poison
 w - 2 scrolls of fear
 C - 3 scrolls of blinking
 D - 8 scrolls of teleportation
 E - 3 scrolls of magic mapping
 L - 2 scrolls of enchant armour
 R - a scroll of silence
Potions
 a - 9 potions of mutation
 d - 2 potions of might
 e - 5 potions of lignification
 g - 11 potions of curing
 h - 2 potions of cancellation
 j - 7 potions of flight
 k - 3 potions of brilliance
 n - 10 potions of heal wounds
 t - 5 potions of ambrosia
 u - 4 potions of attraction
 z - 2 potions of berserk rage
 H - a potion of magic
 N - a potion of haste
 U - a potion of invisibility


   Skills:
 - Level 11.0 Fighting
 - Level 12.0 Maces & Flails
 - Level 10.0 Armour
 * Level 9.3 Dodging
 - Level 14.0 Shields
 * Level 13.7 Invocations
 - Level 10.0 Evocations


You had 15 spell levels left.
You didn't know any spells.
Your spell library contained the following spells:

 Spells                   Type           Power      Damage    Failure   Level
 Beastly Appendage        Tmut           0%         N/A       98%         1
 Sandblast                Erth           0%         2d4       98%         1
 Blink                    Tloc           0%         N/A       99%         2
 Passwall                 Tmut/Erth      0%         N/A       99%         2
 Wereblood                Tmut           0%         N/A       99%         2
 Conjure Flame            Conj/Fire      0%         6-21      100%        3
 Dazzling Flash           Conj/Hex       0%         N/A       100%        3
 Frozen Ramparts          Ice            0%         1d1       100%        3
 Ignite Poison            Fire/Tmut/Pois 0%         N/A       100%        3
 Inner Flame              Hex/Fire       0%         N/A       100%        3
 Lesser Beckoning         Tloc           0%         N/A       100%        3
 Ozocubu's Armour         Ice            0%         N/A       100%        3
 Spider Form              Tmut/Pois      0%         N/A       100%        3
 Tukima's Dance           Hex            0%         N/A       100%        3
 Animate Dead             Necr           0%         N/A       100%        4
 Cause Fear               Hex            0%         N/A       100%        4
 Corpse Rot               Necr/Pois/Air  0%         N/A       100%        4
 Dispel Undead            Necr           0%         3d6       100%        4
 Fulminant Prism          Conj/Hex       0%         3d6       100%        4
 Hailstorm                Conj/Ice       0%         3d3       100%        4
 Ice Form                 Ice/Tmut       0%         N/A       100%        4
 Leda's Liquefaction      Hex/Erth       0%         N/A       100%        4
 Sticky Flame             Conj/Fire      0%         2d3       100%        4
 Summon Ice Beast         Ice/Summ       0%         N/A       100%        4
 Agony                    Necr           0%         N/A       100%        5
 Lee's Rapid Deconstruct  Erth           0%         3d5*      100%        5
 Manifold Assault         Tloc           0%         N/A       100%        5
 Metabolic Englaciation   Hex/Ice        0%         N/A       100%        5
 Silence                  Hex/Air        0%         N/A       100%        5
 Summon Forest            Summ/Tloc      0%         N/A       100%        5
 Death Channel            Necr           0%         N/A       100%        6
 Dispersal                Tloc           0%         N/A       100%        6
 Simulacrum               Ice/Necr       0%         N/A       100%        6
 Haunt                    Necr/Summ      0%         N/A       100%        7
 Malign Gateway           Summ/Tloc      0%         N/A       100%        7
 Discord                  Hex            0%         N/A       100%        8
 Disjunction              Tloc           0%         N/A       100%        8
 Infestation              Necr           0%         N/A       100%        8
 Lehudib's Crystal Spear  Conj/Erth      0%         10d2      100%        8
 Shatter                  Erth           0%         3d5*      100%        9
 Statue Form              Tmut/Erth      Unusable   N/A       N/A         6

Dungeon Overview and Level Annotations

Branches:
Dungeon (15/15)            Temple (1/1) D:5            Lair (5/5) D:10
 Shoals (0/4) Lair:3        Snake (1/4) Lair:3        Slime (0/5) Lair:4
    Orc (2/2) D:9             Elf (0/3) Orc:2        Vaults (0/5) D:14
 Depths (0/4) D:15          Sewer (visited)

Altars:
Ashenzari
Cheibriados
Dithmenos
Elyvilon
Fedhas
Gozag
Hepliaklqana
Kikubaaqudgha
Makhleb
Nemelex Xobeh
Okawaru
Qazlal
Ru
Sif Muna
Trog
Uskayaw
Vehumet
Wu Jian
Xom
Yredelemnul
Zin
The Shining One
Jiyva

Shops:
D:2 :   D:14 [   D:15 :   Orc:1 ?   Orc:2 (==(

Annotations:
Snake:1 Nikola


Innate Abilities, Weirdness & Mutations

You are immune to sickness and miasma.
Your stone body is resilient. (AC +12)
You are immune to poison.
Your large and strong wings let you fly.
You resist negative energy. (rN+)
You are resistant to electric shocks. (rElec)
You are resistant to unholy torment.
You are immune to petrification.
You sometimes lose your temper in combat.
You are very clumsy. (Dex -4)
Your body sometimes deteriorates upon taking damage.
You are frail. (-10% HP)
You occasionally lose the ability to read scrolls when taking damage.


Message History

You feel a strong urge to attack something.
You sock Nikola!
Nikola is poisoned.
Nikola is lightly wounded.
You hear an angry hiss.
Nikola hits you with a +0 rapier of electrocution.
You sock Nikola!
Nikola is lightly wounded.
Nikola mumbles, "Hm, I wonder if you're conductive."
Nikola hits you but does no damage.
You bludgeon Nikola!!
Nikola looks as sick as possible!
Nikola is moderately wounded.
You hear an angry hiss.
You bludgeon Nikola!!
Nikola looks as sick as possible!
Nikola is heavily wounded.
Nikola hits you but does no damage.
You sock Nikola!
Nikola is heavily wounded.
You barely miss Nikola.
Nikola is heavily wounded.
You hear an angry hiss.
Nikola casts a spell.
Lightning arcs from Nikola's hands!
The bolt of lightning hits you!!! You resist.
A bolt of lightning appears from out of thin air!
The bolt of lightning hits Nikola!
You hear a shout! x2; You hear an angry hiss.
You hear a shout!
You bludgeon Nikola!!
Nikola is severely wounded.
You barely miss Nikola.
Nikola is severely wounded.
You block Nikola's attack.
A black mamba comes into view.
Unknown command.
You sock Nikola!
Nikola is severely wounded.
Nikola gestures wildly while chanting.
Lightning arcs from Nikola's hands!
The bolt of lightning hits you!!! You resist.
You feel threatened and lose the ability to read scrolls!
You die...

#.................
#....@.#..........
#.....)##........#
###..####.....@... ##†#
#.........
#.####......!..
##...S..........
####..####.........
##.@@.## #.........
########§○####
#...####..
#>........#### #.#
#............####..#
#.........##....N.##.##
################......#
#)###.... #)# ..# #.# #


You could see Nikola (extremely poisoned) and a black mamba.

Vanquished Creatures
  A balrug (D:14)
  3 cacodemons (D:14)
  A dire elephant (Lair:5)
  A green death (D:14)
  2 fire dragons (D:15)
  2 boulder beetles
  7 hydras
  2 ogre magi
  A death knight (D:12)
  2 centaur warriors (D:14)
  An anaconda (Snake:1)
  8 death yaks
  3 catoblepae
  10 two-headed ogres
  A deep troll shaman (Lair:5)
  5 orc high priests (Orc:2)
  Nergalle (Lair:1)
  A sixfirhy (D:14)
  Sonja (Lair:1)
  4 skeletal warriors (D:12)
  2 lindwurms
  6 orc knights
  5 cyclopes
  An oklob plant (D:13)
  2 ugly things
  A manticore (shapeshifter) (D:14)
  A deep elf pyromancer (D:14)
  2 orc sorcerers
  15 slime creatures
  2 manticores
  2 salamanders (Snake:1)
  16 elephants
  3 rust devils (D:14)
  A naga mage (Snake:1)
  5 black mambas
  A gargoyle (D:12)
  A torpor snail (Lair:2)
  12 cane toads
  A smoke demon (D:14)
  12 komodo dragons
  An unseen horror (D:11)
  6 kobold demonologists
  6 rime drakes
  An efreet (D:12)
  3 trolls
  3 meliai (Lair:4)
  A meliai (shapeshifter) (D:14)
  3 polar bears
  A wind drake (Lair:3)
  Grinder (D:3)
  A queen bee (Lair:4)
  2 hornets (D:9)
  A tarantella (shapeshifter) (D:14)
  18 blink frogs
  5 dream sheep (Lair:5)
  3 shadows
  A culicivora (shapeshifter) (D:15)
  A ynoxinul (D:14)
  A vampire (D:12)
  4 wraiths
  14 yaks
  A wyvern (Lair:1)
  4 basilisks
  A steam dragon (D:10)
  A neqoxec (D:14)
  5 vampire mosquitoes
  24 water moccasins
  2 wargs
  7 nagas
  An acid dragon (D:10)
  2 sky beasts (D:7)
  A swamp drake (Lair:1)
  3 ice beasts
  33 orc warriors
  4 black bears
  8 ogres
  10 wolves
  20 centaurs
  3 phantoms
  4 gnoll sergeants
  4 scorpions
  7 bullfrogs
  3 wights (D:8)
  18 killer bees
  6 howler monkeys
  6 hounds
  2 jellies
  3 gnoll boudas
  37 orc priests
  Jessica (D:3)
  2 iguanas (D:5)
  17 orc wizards
  8 hell rats
  41 gnolls
  27 adders
  11 river rats
  2 white imps
  3 worms
  3 dart slugs (D:1)
  90 orcs
  6 ball pythons
  4 endoplasms
  8 hobgoblins
  5 jackals
  11 kobolds
  14 quokkas
  12 bats
  2 frilled lizards (Sewer)
  5 goblins
  13 rats
  A spectral orc (D:4)
731 creatures vanquished.

Vanquished Creatures (collateral kills)
  A hydra (Lair:2)
  4 death yaks
  An orc knight (Orc:2)
  2 yaks (Lair:2)
  5 orc warriors (Orc:2)
  2 orc priests (Orc:2)
  An orc (Orc:2)
16 creatures vanquished.

Vanquished Creatures (others)
  A sky beast (D:7)
  2 bushes (Lair:5)
  39 fungi
  79 plants
  2 withered plants (D:6)
123 creatures vanquished.

Grand Total: 870 creatures vanquished

Notes
Turn   | Place    | Note
-------+----------+-------------------------------------------
     0 | D:1      | greasedhog the Gargoyle Fighter began the quest for the
                  | Orb.
     0 | D:1      | Reached XP level 1. HP: 14/14 MP: 1/1
   269 | D:1      | Reached XP level 2. HP: 19/19 MP: 2/2
   756 | D:1      | Reached XP level 3. HP: 19/24 MP: 3/3
  1427 | D:2      | Identified the +12 mace "Eleil" {venom, rElec rC+}
  1470 | D:2      | Reached XP level 4. HP: 18/30 MP: 4/4
  1750 | D:2      | Found Pueschom's Vocational Training.
  1918 | D:3      | Found a white marble altar of Elyvilon.
  2192 | D:3      | Reached skill level 5 in Fighting
  2192 | D:3      | Reached XP level 5. HP: 24/35 MP: 5/5
  2197 | D:3      | Noticed Grinder
  2220 | D:3      | Paralysed by Grinder for 2 turns
  2222 | D:3      | Killed Grinder
  2223 | D:3      | Reached skill level 5 in Maces & Flails
  2223 | D:3      | Reached XP level 6. HP: 19/41 MP: 6/6
  2238 | D:3      | Found a glowing drain.
  2268 | Sewer    | Entered a sewer
  2517 | Sewer    | Reached XP level 7. HP: 45/46 MP: 7/7
  3348 | D:3      | Noticed Jessica
  3352 | D:3      | Killed Jessica
  3998 | D:4      | Reached skill level 5 in Armour
  4232 | D:4      | Found a broken altar of Ashenzari.
  4636 | D:4      | Found a basalt altar of Yredelemnul.
  4814 | D:5      | Entered Level 5 of the Dungeon
  4832 | D:5      | Reached skill level 1 in Evocations
  4845 | D:5      | Reached XP level 8. HP: 51/51 MP: 8/8
  5313 | D:5      | Found a sparkling altar of Nemelex Xobeh.
  5334 | D:5      | Found a staircase to the Ecumenical Temple.
  5497 | Temple   | Entered the Ecumenical Temple
  5654 | Temple   | Became a worshipper of Qazlal Stormbringer
  5924 | D:5      | Found a radiant altar of Vehumet.
  6610 | D:6      | Reached XP level 9. HP: 55/55 MP: 9/9
  6681 | D:6      | Reached skill level 5 in Evocations
  6862 | D:6      | Reached * piety under Qazlal
  6869 | D:6      | Reached skill level 1 in Dodging
  7020 | D:6      | Found an ancient bone altar of Kikubaaqudgha.
  7771 | D:7      | Found a shimmering altar of Xom.
  8121 | D:7      | Reached skill level 10 in Maces & Flails
  8121 | D:7      | Reached XP level 10. HP: 54/60 MP: 10/10
  8609 | D:8      | Identified the +0 ring mail "Xetov" {rF+ Str+7}
  9162 | D:9      | Reached ** piety under Qazlal
  9218 | D:9      | Noticed a kobold demonologist
  9225 | D:9      | Killed a kobold demonologist
  9226 | D:9      | Reached skill level 5 in Dodging
  9284 | D:9      | Found a staircase to the Orcish Mines.
  9467 | D:9      | Reached skill level 4 in Shields
  9661 | D:9      | Noticed an angel
  9663 | D:9      | Found a glowing silver altar of Zin.
  9809 | D:9      | Found a bloodstained altar of Trog.
 10009 | D:10     | Entered Level 10 of the Dungeon
 10112 | D:10     | Reached skill level 5 in Shields
 10239 | D:10     | Found a staircase to the Lair.
 10346 | D:10     | Found an ornate altar of the Wu Jian Council.
 10438 | D:10     | Noticed a two-headed ogre
 10440 | D:10     | Killed a two-headed ogre
 10441 | D:10     | Reached skill level 6 in Shields
 10441 | D:10     | Reached XP level 11. HP: 64/64 MP: 11/11
 10941 | Lair:1   | Entered Level 1 of the Lair of Beasts
 10954 | Lair:1   | Reached skill level 7 in Shields
 10967 | D:10     | Reached skill level 1 in Invocations
 11118 | Lair:1   | Reached *** piety under Qazlal
 11145 | Lair:1   | Reached skill level 8 in Shields
 11178 | Lair:1   | Noticed a death yak
 11288 | Lair:1   | Killed a death yak
 11338 | Lair:1   | Noticed Nergalle
 11349 | Lair:1   | Killed Nergalle
 11350 | Lair:1   | Reached skill level 5 in Invocations
 11414 | Lair:1   | Noticed a catoblepas
 11448 | Lair:1   | Killed a catoblepas
 11449 | Lair:1   | Reached skill level 9 in Shields
 11654 | Lair:1   | Reached XP level 12. HP: 55/70 MP: 15/17
 11699 | Lair:1   | Reached skill level 10 in Shields
 11945 | Lair:1   | Noticed Sonja
 11955 | Lair:1   | Killed Sonja
 12214 | Lair:1   | Reached **** piety under Qazlal
 12752 | Lair:1   | Reached skill level 11 in Shields
 13125 | Lair:2   | Noticed a seven-headed hydra
 13132 | Lair:2   | Killed a seven-headed hydra
 13440 | Lair:2   | Noticed a death yak
 13441 | Lair:2   | Noticed a death yak
 13471 | Lair:2   | Noticed a death yak
 13486 | Lair:2   | Killed a death yak
 13487 | Lair:2   | Reached skill level 12 in Shields
 13489 | Lair:2   | Killed a death yak
 13490 | Lair:2   | Reached skill level 10 in Invocations
 13492 | Lair:2   | Killed a death yak
 13826 | Lair:2   | Got the Verses on Necromancy and Displacement
 14820 | Lair:2   | Reached XP level 13. HP: 59/74 MP: 20/20
 15133 | Lair:3   | Found a staircase to the Shoals.
 15226 | Lair:3   | Reached skill level 13 in Shields
 15273 | Lair:3   | Found a staircase to the Snake Pit.
 16467 | Lair:4   | Reached skill level 14 in Shields
 16641 | Lair:4   | Found a viscous altar of Jiyva.
 16642 | Lair:4   | Found a staircase to the Slime Pits.
 16930 | Lair:4   | Got Mogey's Discourse on Dimensional Spellbinding
 17343 | Lair:5   | Entered Level 5 of the Lair of Beasts
 17645 | Lair:5   | Reached ***** piety under Qazlal
 17684 | Lair:5   | Reached skill level 10 in Fighting
 17709 | Lair:5   | Gained mutation: Your large and strong wings let you fly.
                  | [Gargoyle growth]
 17709 | Lair:5   | Reached XP level 14. HP: 62/88 MP: 21/21
 17822 | Lair:5   | Identified the +0 chain mail "Textagh" {Will+}
 18600 | Lair:5   | Noticed a dire elephant
 18632 | Lair:5   | Killed a dire elephant
 19293 | Orc:1    | Entered Level 1 of the Orcish Mines
 19644 | Orc:2    | Entered Level 2 of the Orcish Mines
 19644 | Orc:2    | Found a staircase to the Elven Halls.
 19835 | Orc:1    | Found Hajaphul's Magic Scroll Shop.
 19844 | Orc:1    | Bought a scroll of teleportation for 33 gold pieces
 19844 | Orc:1    | Bought a scroll of identify for 22 gold pieces
 19844 | Orc:1    | Bought a scroll of poison for 44 gold pieces
 19844 | Orc:1    | Bought a scroll of silence for 104 gold pieces
 19844 | Orc:1    | Bought a scroll of identify for 22 gold pieces
 19844 | Orc:1    | Bought a scroll of identify for 22 gold pieces
 19844 | Orc:1    | Bought a scroll of identify for 22 gold pieces
 19844 | Orc:1    | Bought a scroll of enchant armour for 82 gold pieces
 19844 | Orc:1    | Bought a scroll of teleportation for 33 gold pieces
 19844 | Orc:1    | Bought a scroll of teleportation for 33 gold pieces
 21530 | Orc:2    | Reached skill level 10 in Evocations
 22022 | Orc:2    | Reached XP level 15. HP: 80/94 MP: 22/22
 22413 | Orc:2    | Found Coinuth's Antique Weapon Boutique.
 22416 | Orc:2    | Found Pehuocityu's Jewellery Boutique.
 22417 | Orc:2    | Found Depujas's Weapon Boutique.
 22418 | Orc:2    | Found Daczoung's Jewellery Shop.
 22422 | Orc:2    | Bought the ring of the Messenger {rC+ rCorr AC+4 Int+2} for
                  | 956 gold pieces
 22671 | D:11     | Reached skill level 10 in Armour
 25274 | D:13     | Found a blossoming altar of Fedhas.
 25456 | D:14     | Found Hovos's Antique Armour Shoppe.
 25469 | D:14     | Bought a pair of translucent gloves for 256 gold pieces
 25469 | D:14     | Identified the +0 pair of gloves of the Abyss {-Tele rPois
                  | Will- MP+9} (You bought it in a shop on level 14 of the
                  | Dungeon)
 25857 | D:14     | Found a gate to the Vaults.
 25966 | D:14     | Identified the +10 falchion "Lerphuab" {pain, rPois rN+
                  | Str+2 Int+4}
 26161 | D:14     | Gained mutation: You are frail. (-10% HP) [a neqoxec]
 26162 | D:14     | Gained mutation: You are clumsy. (Dex -2) [a neqoxec]
 26306 | D:14     | Noticed a cacodemon
 26310 | D:14     | Gained mutation: Your body sometimes deteriorates upon
                  | taking damage. [a cacodemon]
 26315 | D:14     | Gained mutation: You are very clumsy. (Dex -4) [a
                  | cacodemon]
 26320 | D:14     | Killed a cacodemon
 26439 | D:14     | Noticed a balrug
 26452 | D:14     | Killed a balrug
 26518 | D:14     | Noticed a cacodemon
 26533 | D:14     | Killed a cacodemon
 26718 | D:14     | Identified the amulet "Peufuna" {Spirit Dex+6}
 26718 | D:14     | Identified the ring "Vuoleb" {Contam +Blink rCorr EV+4
                  | Str+6}
 26732 | D:14     | Found a burning altar of Makhleb.
 26756 | D:14     | Got Iwuubir's Secrets of Stones
 26859 | D:14     | Noticed a cacodemon
 26860 | D:14     | Gained mutation: You occasionally lose the ability to read
                  | scrolls when taking damage. [a cacodemon]
 26866 | D:14     | Gained mutation: You sometimes lose your temper in combat.
                  | [a cacodemon]
 26875 | D:14     | Killed a cacodemon
 27119 | D:15     | Entered Level 15 of the Dungeon
 27175 | D:15     | Reached XP level 16. HP: 90/90 MP: 25/25
 27420 | D:15     | Found Bagacuh's Book Shop.
 28037 | D:15     | Found a shimmering blue altar of Sif Muna.
 28365 | D:15     | Found a staircase to the Depths.
 28740 | Snake:1  | Entered Level 1 of the Snake Pit
 29078 | Snake:1  | Noticed Nikola
 29133 | Snake:1  | Killed from afar by Nikola

Illustrated notes

Levels and vault maps discovered:
D:1:      spicycebolla_green_bress_n_ham, layout_loops_ring,
          nicolae_eternal_life, serial_bayou_lagoon_a, moated_statue
D:2:      layout_rooms, nicolae_shop_vocational
D:3:      layout_loops_cross, elyvilon_altar_3, portal_sewer_entry_b,
          kennysheep_generic_room_9, uniq_jessica, uniq_grinder
D:4:      layout_loops_ring, nicolae_overflow_crystal_walls,
          yredelemnul_forgotten_temple_becter, grunt_ministairs_8
D:5:      layout_basic, nemelex_xobeh_ov_fountains_minmay, fiery_altar_vehumet,
          minmay_temple_entry_large_hall
D:6:      minmay_opposing_rooms, layout_loops_ring, kiku_gazebo_garden_becter
D:7:      layout_layer_cave, kennysheep_little_box,
          corexii_mini_fake_secret_closet, hangedman_decor_growths
D:8:      layout_basic
D:9:      layout_roguey, zin_angel, trog_ov_bears_minmay
D:10:     layout_basic, mainiacjoe_overflow_surrounded_room, lair_entry_dummy
D:11:     layout_roguey
D:12:     layout_small_grid, minivault_20
D:13:     layout_rooms, tgw_fedhas
D:14:     evilmike_makhleb_hellhole, layout_basic, david_vaults_2,
          hellmonk_bongcloud_opening, serial_shops, nicolae_shop_window_shopping
D:15:     grunt_enter_depths_hoard, layout_irregular_city,
          nicolae_sif_muna_condensation, serial_shops,
          nicolae_inconvenience_store
Temple:   hellmonk_temple_forest_ring
Lair:1:   lemuel_reptile_caves, layout_regular_city, kennysheep_abandoned_house,
          uniq_sonja, uniq_nergalle
Lair:2:   layout_regular_city, nicolae_volcano_entry_vermiform
Lair:3:   layout_cave_pods, minmay_shoals_entry_beasts,
          guppyfry_snake_entry_garden
Lair:4:   layout_cave_pods, slime_entry_1, special_room [special_room_bee],
          minmay_lair_drake_nest, lemuel_fruit_fields
Lair:5:   grunt_lair_end_beastmaster, layout_regular_city, serial_forest,
          infiniplex_forest_end_1, infiniplex_forest_clump_C,
          infiniplex_forest_clump_medium, infiniplex_forest_lined_room_2,
          infiniplex_forest_lined_room_2, infiniplex_forest_corner_1,
          infiniplex_forest_clump_large, infiniplex_forest_straight_2
Snake:1:  layout_rooms, uniq_nikola
Orc:1:    layout_caves, serial_shops, shop, minmay_orc_temple_b
Orc:2:    st_orc_pillars, layout_diamond_mine

Skill      XL: |  1  2  3  4  5  6  7  8  9 10 11 12 13 14 15 16 |
---------------+-------------------------------------------------+-----
Fighting       | 4 5 6 10 11 | 11.0
Maces & Flails | 3 5 6 8 10 11 12 | 12.0
Armour         | 5 9 10 | 10.0
Evocations     | 1 4 5 7 10 | 10.0
Dodging        | 3 5 8 9 |  9.3
Shields        | 6 9 12 14 | 14.0
Invocations    | 6 10 13 | 13.7

Action                   |  1- 3 |  4- 6 |  7- 9 | 10-12 | 13-15 | 16-18 || total
-------------------------+-------+-------+-------+-------+-------+-------++-------
Melee: Flail             |   101 |       |       |       |       |       ||   101
       Mace              |     6 |    72 |   321 |   451 |  1203 |   141 ||  2194
Invok: Upheaval          |       |       |       |     3 |    18 |       ||    21
       Elemental Force   |       |       |       |     2 |     2 |       ||     4
       Disaster Area     |       |       |       |       |     2 |       ||     2
Evoke: Wand              |       |       |     3 |     3 |    12 |     2 ||    20
  Use: Scroll            |     2 |     4 |     3 |     7 |    13 |       ||    29
       Potion            |       |       |       |     4 |     4 |     1 ||     9
 Stab: Distracted        |       |       |       |     1 |       |       ||     1
       Betrayed ally     |       |       |       |     1 |       |       ||     1
       Paralysed         |       |       |       |     3 |     1 |       ||     4
       Petrified         |       |       |       |       |    22 |       ||    22
       Petrifying        |       |       |       |       |     1 |       ||     1
Armor: Scale mail        |    51 |    33 |    59 |   168 |   170 |       ||   481
       Chain mail        |       |       |    95 |       |   216 |    77 ||   388
       Plate armour      |       |       |    77 |       |       |       ||    77
Dodge: Dodged            |    59 |    21 |   134 |   156 |   470 |    38 ||   878
       Repelled          |       |       |       |       |     7 |     3 ||    10
Block: Buckler           |    32 |    13 |    65 |       |       |       ||   110
       Kite shield       |       |       |     7 |   365 |  1048 |   108 ||  1528
